 Dungeon Crawl Stone Soup version 0.16.0-17-g811c1d7 (webtiles) character file.

223 Fluffy the Slasher (level 5, -5/38 HPs)
             Began as a Demonspawn Gladiator on Mar 21, 2015.
             Killed from afar by a white imp (7 damage)
             ... with a puff of frost
             ... summoned by Natasha
             ... on level 3 of the Dungeon.
             The game lasted 00:03:51 (2209 turns).

Fluffy the Slasher (Demonspawn Gladiator)           Turns: 2209, Time: 00:03:52

Health: -5/38      AC:  7    Str: 15    XL:     5   Next: 66%
Magic:  5/5        EV: 10    Int: 10    God:
Gold:   130        SH:  0    Dex: 14    Spells: 0 memorised, 4 levels left

rFire  + . .     SeeInvis .     a - +0 long sword
rCold  x . .     Clarity  .     l - +0 scale mail
rNeg   . . .     SustAb   .     (no shield)
rPois  .         Gourm    .     (helmet restricted)
rElec  .         Spirit   .     (no cloak)
rCorr  .         Warding  .     (no gloves)
rMut   .         Stasis   +     t - +0 pair of boots
MR     .....                    j - amulet of stasis
Stlth  ..........               (no ring)
                                n - ring of fire

@: not resistant to hostile enchantments, extremely unstealthy
A: antennae 1, foul stench 1, powered by pain 1, rot immunity
a: no special abilities


You were on level 3 of the Dungeon.
You were not hungry.

You visited 1 branch of the dungeon, and saw 3 of its levels.

You collected 130 gold pieces.

Inventory:

Hand weapons
 a - a +0 long sword (weapon)
Missiles
 d - 3 throwing nets (quivered)
Armour
 l - a +0 scale mail (worn)
 t - a +0 pair of boots (worn)
Jewellery
 j - an amulet of stasis (around neck)
 n - a ring of fire (left hand)
Scrolls
 c - 2 scrolls of remove curse {unknown}
 e - a scroll of fog {unknown}
 g - 2 scrolls of identify {unknown}
 i - 2 scrolls of teleportation {unknown}
 p - a scroll of amnesia {unknown}
Potions
 b - a potion of restore abilities {unknown}
 k - a potion of brilliance {unknown}
 m - a potion of mutation {unknown}
 o - 2 potions of poison {unknown}
 s - a potion of haste {unknown}
Comestibles
 f - 3 bread rations
 h - a royal jelly
 q - a slice of pizza
 r - a meat ration
 u - 2 chunks of flesh


   Skills:
 - Level 2.0 Fighting
 + Level 5.9 Long Blades
 - Level 1.7 Throwing
 - Level 2.6 Dodging


You had 4 spell levels left.
You didn't know any spells.

Dungeon Overview and Level Annotations

Branches:
Dungeon (3/15)

Altars:
Dithmenos
Xom

Annotations:
D:3 Natasha


Innate Abilities, Weirdness & Mutations

You have a pair of small antennae on your head.
You emit a foul stench.
You sometimes gain a little power by taking damage.
You are immune to rotting.


Message History

Natasha is almost dead.
Natasha closely misses you. The crimson imp hits you.
* * * LOW HITPOINT WARNING * * *
The crimson imp hits you but does no damage.
The white imp closely misses you.
You closely miss Natasha.
Natasha is almost dead.
Natasha zaps a wand.
The puff of flame hits you! You resist.
* * * LOW HITPOINT WARNING * * *
The crimson imp blinks!
The crimson imp hits you.
* * * LOW HITPOINT WARNING * * *
The white imp barely misses you.
You hit Natasha but do no damage.
Natasha is almost dead.
Natasha zaps a wand.
The puff of flame hits you! You resist.
* * * LOW HITPOINT WARNING * * *
The crimson imp hits you but does no damage.
The white imp gestures at you. The puff of frost hits you!
You feel a terrible chill!
You die...

## #_# #
##########8.#.#.
########........5......
#.....##......5§5.......
#.....##.......@h8.#
#.....##.........#⌠#
#.....##.........##
##.....##..........#
........+............
##.....##..........#.#
...)..........###.....
##.....######.# #.#.
##.....# #.#


You could see Natasha, 2 crimson imps and a white imp.

Vanquished Creatures
  Sigmund (D:3)
  An orc priest (D:3)
  5 adders
  3 giant geckos
  3 orcs (D:3)
  3 bats (D:2)
  A giant cockroach (D:1)
  5 goblins
  12 hobgoblins
  3 jackals (D:2)
  11 kobolds
  2 quokkas (D:2)
  2 giant newts
  12 rats
64 creatures vanquished.

Notes
Turn   | Place    | Note
--------------------------------------------------------------
     0 | D:1      | Fluffy, the Demonspawn Gladiator, began the quest for the Orb.
     0 | D:1      | Reached XP level 1. HP: 16/16 MP: 1/1
   248 | D:1      | Reached skill level 3 in Long Blades
   355 | D:1      | Gained mutation: You are immune to rotting. [demonic ancestry]
   355 | D:1      | Reached XP level 2. HP: 17/22 MP: 2/2
   874 | D:2      | Gained mutation: You sometimes gain a little power by taking damage. [demonic ancestry]
   874 | D:2      | Reached XP level 3. HP: 27/27 MP: 3/3
   892 | D:2      | Found a shimmering altar of Xom.
   908 | D:2      | Reached skill level 4 in Long Blades
  1318 | D:2      | Gained mutation: You have a pair of small antennae on your head. [demonic ancestry]
  1318 | D:2      | Reached XP level 4. HP: 30/33 MP: 4/4
  1748 | D:3      | Reached skill level 5 in Long Blades
  1748 | D:3      | Gained mutation: You emit a foul stench. [demonic ancestry]
  1748 | D:3      | Reached XP level 5. HP: 19/38 MP: 5/5
  1928 | D:3      | Noticed Sigmund
  1935 | D:3      | Killed Sigmund
  2192 | D:3      | Found a shadowy altar of Dithmenos.
  2193 | D:3      | Noticed Natasha
  2209 | D:3      | Killed from afar by a white imp

Action                   |  1- 3 |  4- 6 || total
-------------------------+-------+-------++-------
Melee: Long sword        |   104 |    75 ||   179
  Eat: Chunk             |     1 |     3 ||     4
